AoeStats
← kainann3

Highland

504394501Analyzed
4v4 RM · 27d ago on Sep 5, 2026· 37m 17s· 8 players
Game mode
Random Map
Map size
Large (8 player)
Population
200
Speed
Normal
Resources
Standard
Victory
Conquest
Starting age
Dark Age
Ending age
Imperial Age
RankedLock teamsTeams togetherTeam positionsShared explorationLock speedFull tech treeHidden civsTurbo modeCheats
Victory
Defeat
🇦🇷 Mongols · Argentina
1084
+13
🇦🇷 Wu · Argentina
1019
+15
🇦🇷 Magyars · Argentina
1011
+16
🇦🇷 Khitans · Argentina
1000
+16
🇧🇷 Huns · Brazil
1034
-16
🇲🇽 Aztecs · Mexico
1012
-15
🇨🇦 Malians · Canada
1002
-15
🇨🇦 Lithuanians · Canada
985
-14
dasorux
6:10 Loom
12:29 Feudal Age
14:35 Wheelbarrow
24:42 Castle Age
23:30 Fletching
23:46 Scale Barding Armor
23:52 Forging
23:36 Double-Bit Axe
24:04 Arson
26:54 Town Watch
28:23 Husbandry
36:00 Chain Barding Armor
40:17 Imperial Age
CONE
6:01 Loom
12:13 Feudal Age
13:31 Double-Bit Axe
16:39 Gold Mining
19:03 Castle Age
16:54 Horse Collar
17:32 Stone Mining
19:29 Crossbowman
21:09 Wheelbarrow
21:02 Fletching
21:12 Padded Archer Armor
23:14 Leather Archer Armor
27:54 Hand Cart
28:18 Scale Mail Armor
35:04 Imperial Age
33:12 Gold Shaft Mining
32:59 Bodkin Arrow
33:56 Pikeman
34:54 Chain Mail Armor
34:50 Forging
34:54 Man-at-Arms
37:19 Plate Mail Armor
LostDog
4:58 Loom
10:25 Feudal Age
14:35 Double-Bit Axe
19:14 Fletching
19:25 Padded Archer Armor
25:14 Castle Age
24:15 Forging
25:20 Elite Skirmisher
25:23 Crossbowman
25:59 Bodkin Arrow
27:11 Stone Mining
27:34 Bow Saw
27:54 Pikeman
29:33 Redemption
29:45 Bloodlines
29:36 Horse Collar
30:57 Wheelbarrow
30:52 Husbandry
32:41 Heavy Plow
34:26 Iron Casting
33:56 Scale Barding Armor
kainann3
11:49 Feudal Age
13:12 Double-Bit Axe
14:37 Fletching
14:57 Forging
14:56 Scale Barding Armor
19:09 Horse Collar
25:00 Castle Age
24:30 Wheelbarrow
24:14 Bloodlines
25:51 Husbandry
26:08 Squires
27:13 Bow Saw
27:44 Chain Barding Armor
29:41 Hand Cart
Capitan IZI
7:52 Loom
10:23 Feudal Age
11:13 Double-Bit Axe
15:33 Wheelbarrow
15:29 Man-at-Arms
19:26 Forging
24:21 Castle Age
22:25 Horse Collar
24:38 Elite Skirmisher
25:10 Fletching
25:21 Padded Archer Armor
26:38 Hand Cart
28:44 Bow Saw
31:42 Squires
31:27 Arson
34:39 Imperial Age
35:12 Scale Mail Armor
35:47 Iron Casting
35:45 Conscription
35:56 Gold Mining
35:54 Town Watch
37:26 Ballistics
38:07 Chemistry
diegolalms
5:43 Loom
9:58 Feudal Age
18:46 Wheelbarrow
19:19 Fletching
20:27 Double-Bit Axe
23:58 Castle Age
22:59 Gold Mining
23:52 Bloodlines
24:33 Scale Barding Armor
24:12 Horse Collar
30:18 Chain Barding Armor
38:17 Imperial Age
37:22 Husbandry
[TCZ]LeoArnedo
6:34 Loom
8:58 Feudal Age
10:00 Double-Bit Axe
9:57 Horse Collar
18:21 Wheelbarrow
22:15 Castle Age
20:33 Bloodlines
20:57 Scale Barding Armor
21:22 Forging
23:22 Chain Barding Armor
32:09 Iron Casting
Pcandussi
7:37 Loom
10:49 Feudal Age
11:33 Double-Bit Axe
13:01 Domestication
18:11 Wheelbarrow
21:30 Castle Age
24:31 Scale Barding Armor
24:37 Forging
25:03 Bow Saw
25:08 Pastoralism
27:32 Iron Casting
29:51 Stone Mining
29:56 Gold Mining
34:51 Stone Shaft Mining
35:47 Hand Cart
Connection lost

Rejoining the realm…

Still unreachable

The connection could not be restored.

Session expired

The server has moved on; the page needs a fresh start.